[Event "Titled Tuesday Blitz September 27 Late 2022"]
[White "De La Colina, Nicolas"]
[Black "Muradli, Mahammad"]
[WhiteFideId "30946921"]
[BlackFideId "13409301"]
[WhiteElo "2046"]
[BlackElo "2611"]
[Result "0-1"]
[Round "06"]
[TimeControl "180+1"]
[Date "2022.09.28"]
[WhiteClock "0:00:03"]
[BlackClock "0:00:05"]

1. e4 c6 2. d4 d5 3. exd5 cxd5 4. Bd3 Nc6 5. c3 Nf6 6. Bf4 g6 7. h3 Bg7 8. Qc2 O-O 9. Nf3 Re8 10. O-O Bd7 11. Nbd2 Rc8 12. a3 Nh5 13. Be3 Qc7 14. Rfe1 Nf4 15. Bf1 Bf5 16. Qb3 Na5 17. Qa2 Nc4 18. Nxc4 dxc4 19. Bxf4 Qxf4 20. Bxc4 e6 21. Ne5 Red8 22. Re3 Bxe5 23. Rxe5 h5 24. Rae1 Kg7 25. R5e3 Rd6 26. Be2 Rcd8 27. Bf3 b6 28. Qb3 h4 29. Qb5 g5 30. Qe5+ Qxe5 31. Rxe5 Kf6 32. Bg4 Bg6 33. Bd1 Rd5 34. Bb3 Rxe5 35. Rxe5 Bf5 36. f3 Ke7 37. Kf2 f6 38. Re3 Kd6 39. Ke1 Rc8 40. Kd2 a5 41. Bc2 Bxc2 42. Kxc2 Kd5 43. Kd3 b5 44. b3 Rc7 45. Re2 Rc8 46. Rc2 e5 47. c4+ bxc4+ 48. bxc4+ Kd6 49. Rb2 exd4 50. Kxd4 Ke6 51. Rb5 Rd8+ 52. Kc3 Rd1 53. Rxa5 Rg1 54. Ra6+ Ke5 55. a4 Rxg2 56. a5 Rg3 57. Ra8 Rxf3+ 58. Kb4 Rxh3 59. a6 Rh1 60. Re8+ Kf4 61. a7 Ra1 62. a8=Q Rxa8 63. Rxa8 h3 64. Rh8 g4 65. c5 g3 66. c6 g2 67. Rg8 h2 68. c7 g1=Q 69. c8=Q Qb1+ 70. Ka5 Qe1+ 71. Ka6 Qe2+ 72. Ka5 h1=Q 73. Qc7+ Qe5+ 74. Qxe5+ Kxe5 0-1


[Site "https://www.chess.com"]

[Event "Titled Tuesday Blitz September 27 Late 2022"]
[White "Demidov, Mikhail"]
[Black "Siddharth, Jagadeesh"]
[WhiteFideId "4197143"]
[BlackFideId "5818320"]
[WhiteElo "2520"]
[BlackElo "2165"]
[Result "1-0"]
[Round "06"]
[TimeControl "180+1"]
[Date "2022.09.27"]
[WhiteClock "0:00:06"]
[BlackClock "0:00:02"]

1. Nf3 d5 2. g3 c5 3. Bg2 Nf6 4. O-O g6 5. c4 Bg7 6. d4 cxd4 7. Nxd4 O-O 8. cxd5 Nxd5 9. Nc3 Nxc3 10. bxc3 Nc6 11. Be3 Ne5 12. Qb3 Qc7 13. Rab1 a6 14. Bf4 Rb8 15. a4 b6 16. Nc6 Be6 17. Qa3 Rbe8 18. Rfd1 g5 19. Bxe5 Bxe5 20. Nxe5 Qxe5 21. e3 Qc7 22. Qb4 Rd8 23. h4 Rxd1+ 24. Rxd1 h6 25. Rb1 Rb8 26. Qd4 a5 27. Rb5 Rd8 28. Qxb6 Rd1+ 29. Kh2 Qxb6 30. Rxb6 gxh4 31. gxh4 Ra1 32. Bc6 Ra3 33. Rb5 Rxc3 34. Bf3 Rc4 35. Rxa5 Rxh4+ 36. Kg3 Rh3+ 37. Kg2 Rh4 38. Ra7 Kg7 39. e4 Kf6 40. a5 Rf4 41. Kg3 Ke5 42. a6 Rf6 43. Rxe7 Rg6+ 44. Kh2 Rg8 45. a7 Ra8 46. Bg2 Rc8 47. f4+ Kd6 48. Rb7 Ra8 49. e5+ Kc5 50. Rc7+ Kb6 51. Bxa8 Kxc7 52. Bf3 1-0


[Site "https://www.chess.com"]

[Event "Titled Tuesday Blitz September 27 Late 2022"]
[White "Djokic, Mihailo"]
[Black "Jorajuria Mendoza, Algol"]
[WhiteFideId "976440"]
[BlackFideId "5128897"]
[WhiteElo "2315"]
[BlackElo "1600"]
[Result "1-0"]
[Round "06"]
[TimeControl "180+1"]
[Date "2022.09.28"]
[WhiteClock "0:00:39"]
[BlackClock "0:00:11"]

1. e4 c5 2. Nf3 d6 3. d4 cxd4 4. Nxd4 Nf6 5. Nc3 Nc6 6. Bg5 e6 7. Qd2 a6 8. O-O-O Be7 9. f4 Bd7 10. Nf3 Qc7 11. e5 dxe5 12. fxe5 Ng8 13. Ne4 Rd8 14. Nd6+ Kf8 15. Qf4 f6 16. exf6 gxf6 17. Bh6+ Nxh6 18. Qxh6+ Kg8 19. Nf5 Bf8 20. Qxf6 Qf4+ 21. Kb1 Qxf5 22. Qxf5 exf5 23. Bc4+ Kg7 24. Ng5 Ne5 25. Bb3 Be7 26. Nh3 Kf6 27. Nf4 Bc6 28. Rde1 Bd6 29. Rhf1 Rde8 30. h3 Ng6 31. Nd5+ Bxd5 32. Bxd5 Rxe1+ 33. Rxe1 b6 34. Re6+ Kg5 35. Rxd6 Re8 36. a4 b5 37. Rxa6 bxa4 38. Rxa4 Rd8 39. Bf3 Ne5 40. h4+ Kf6 41. b4 Nc4 42. b5 Nd2+ 43. Kb2 Rb8 44. c4 Ke5 45. Kc3 Nxf3 46. gxf3 Kf4 47. c5+ Kxf3 48. b6 f4 49. Kd4 Kg3 50. Kd5 f3 51. Ra3 Kg2 52. Kc6 f2 53. Ra2 Kg1 54. Rxf2 Kxf2 55. Kc7 Rg8 56. b7 Kg3 57. b8=Q Rxb8 58. Kxb8 Kxh4 59. c6 Kg3 60. c7 h5 61. c8=Q h4 62. Qc3+ Kg2 63. Qd2+ Kg3 64. Qe1+ Kg2 65. Qxh4 1-0


[Site "https://www.chess.com"]

[Event "Titled Tuesday Blitz September 27 Late 2022"]
[White "Gines Esteo, Pedro Antonio"]
[Black "Wadsworth, Matthew J"]
[WhiteFideId "32080190"]
[BlackFideId "415804"]
[WhiteElo "2293"]
[BlackElo "2294"]
[Result "0-1"]
[Round "06"]
[TimeControl "180+1"]
[Date "2022.09.27"]
[WhiteClock "0:00:03"]
[BlackClock "0:00:09"]

1. Nf3 d5 2. g3 Nf6 3. Bg2 c6 4. O-O Bf5 5. d3 e6 6. Nbd2 h6 7. c4 Be7 8. cxd5 exd5 9. Qb3 Qb6 10. Qc2 O-O 11. e4 dxe4 12. dxe4 Bh7 13. Nh4 Rd8 14. Nc4 Qa6 15. Nf5 Bf8 16. Bf4 Nbd7 17. Rfe1 Bxf5 18. exf5 Nb6 19. Bf1 Nxc4 20. Bxc4 b5 21. Bf1 Nd5 22. Be5 Qb6 23. a3 f6 24. Bc3 Nxc3 25. bxc3 Bc5 26. Kg2 Rd7 27. Re6 Rad8 28. Qe4 Bxf2 29. Rxc6 Qe3 30. Qxe3 Bxe3 31. Bxb5 Rd2+ 32. Kf3 Bb6 33. a4 Rxh2 34. a5 Rf2+ 35. Kg4 Be3 36. Re1 h5+ 37. Kxh5 Rxf5+ 38. Kg4 Rxb5 39. Rxe3 Rxa5 40. Rc7 Rg5+ 41. Kf4 a5 42. Ra7 Rc8 43. Kf3 Rc4 44. Kf2 Kh7 45. Rf3 Rgc5 46. Rxf6 Rxc3 47. Re6 Rg5 48. Re4 Rcxg3 49. Rxa5 Rxa5 50. Kxg3 Kg6 51. Rb4 Ra3+ 52. Kg4 Ra1 53. Rb6+ Kh7 54. Rb7 Kh6 55. Rb6+ g6 56. Rb8 Ra4+ 57. Kg3 Kh5 58. Rb5+ g5 59. Rc5 Ra3+ 60. Kg2 Kh4 61. Rc4+ g4 62. Rb4 Ra2+ 63. Kf1 Kh3 64. Rb8 Ra1+ 65. Ke2 Kg2 66. Rg8 g3 67. Rg7 Ra8 68. Rg6 Re8+ 69. Kd2 Kf2 70. Rf6+ Kg1 71. Rg6 g2 72. Rg7 Re5 73. Kd3 Kf2 74. Rf7+ Kg3 75. Kd4 Re1 76. Rg7+ Kf2 77. Rf7+ Ke2 0-1


[Site "https://www.chess.com"]

[Event "Titled Tuesday Blitz September 27 Late 2022"]
[White "Golubev, Mikhail"]
[Black "Gorshtein, Ido"]
[WhiteFideId "14100983"]
[BlackFideId "2815532"]
[WhiteElo "2374"]
[BlackElo "2411"]
[Result "0-1"]
[Round "06"]
[TimeControl "180+1"]
[Date "2022.09.27"]
[WhiteClock "0:00:01"]
[BlackClock "0:01:06"]

1. e4 Nc6 2. Nf3 d6 3. d4 Nf6 4. Nc3 g6 5. Bb5 a6 6. Bxc6+ bxc6 7. h3 Bg7 8. O-O O-O 9. Re1 a5 10. a4 Rb8 11. b3 c5 12. dxc5 Nxe4 13. Nxe4 Bxa1 14. Bh6 Bh8 15. Bxf8 Qxf8 16. Qd2 Rb4 17. Nc3 Bb7 18. Nd5 Bxd5 19. Qxd5 e6 20. Qc6 dxc5 21. Qxc7 c4 22. Rd1 Bf6 23. bxc4 Rxa4 24. c5 Rc4 25. c6 a4 26. Qa5 Rxc6 27. Qxa4 Qc8 28. Rd2 Kg7 29. Re2 Rc4 30. Qb3 Qc5 31. Qd3 Rc3 32. Qd1 Ra3 0-1


[Site "https://www.chess.com"]

[Event "Titled Tuesday Blitz September 27 Late 2022"]
[White "Gonzalez, Francisco Silva"]
[Black "Putnam, Liam"]
[WhiteFideId "1512285"]
[BlackFideId "30938279"]
[WhiteElo "2159"]
[BlackElo "2031"]
[Result "0-1"]
[Round "06"]
[TimeControl "180+1"]
[Date "2022.09.28"]
[WhiteClock "0:00:45"]
[BlackClock "0:00:14"]

1. d4 Nf6 2. c4 g6 3. Nc3 Bg7 4. e4 d6 5. f3 O-O 6. Be3 c5 7. Nge2 Nc6 8. d5 Ne5 9. Ng3 e6 10. Be2 exd5 11. cxd5 a6 12. a4 h5 13. O-O h4 14. Nh1 Rb8 15. h3 Nh5 16. f4 Nd7 17. Bxh5 gxh5 18. Qxh5 Qe7 19. Rfe1 f5 20. exf5 Nf6 21. Qg5 Qf7 22. Rad1 b5 23. axb5 axb5 24. Bf2 b4 25. Ne4 Nxe4 26. Rxe4 Qxf5 27. Re2 Qxg5 28. fxg5 Ba6 29. Red2 c4 30. Bd4 Rfc8 31. Bxg7 Kxg7 32. Nf2 c3 33. Rc2 b3 34. Rxc3 Rxc3 35. bxc3 b2 36. Rb1 Bc4 37. Nd1 Ra8 38. Nxb2 Rb8 39. Nxc4 Rxb1+ 40. Kh2 Rd1 41. Nxd6 Rxd5 42. Ne4 Kg6 43. g4 Re5 44. Nf2 Kxg5 45. Kg2 Re3 46. c4 Kf4 47. Nd1 Re2+ 48. Kf1 Rc2 49. Nf2 Kf3 50. Nd3 Rc3 51. Ne5+ Kg3 52. g5 Kxh3 53. g6 Rg3 54. c5 Rg5 55. g7 Rxg7 56. c6 Rc7 57. Kg1 Kg3 58. Kh1 h3 59. Kg1 h2+ 60. Kh1 Ra7 0-1


[Site "https://www.chess.com"]

[Event "Titled Tuesday Blitz September 27 Late 2022"]
[White "Gunduz, Umut Erdem"]
[Black "Daggupati, Balaji"]
[WhiteFideId "6381383"]
[BlackFideId "2090759"]
[WhiteElo "2029"]
[BlackElo "2781"]
[Result "1-0"]
[Round "06"]
[TimeControl "180+1"]
[Date "2022.09.27"]
[WhiteClock "0:00:20"]
[BlackClock "0:00:03"]

1. e4 c5 2. Nf3 e6 3. d4 cxd4 4. Nxd4 Nf6 5. Nc3 Nc6 6. Ndb5 d6 7. Bf4 e5 8. Bg5 a6 9. Na3 b5 10. Nd5 Be7 11. Bxf6 Bxf6 12. c4 b4 13. Nc2 O-O 14. Qf3 Bg5 15. h4 Bh6 16. g4 Bf4 17. Bh3 a5 18. g5 Be6 19. Rd1 Rb8 20. b3 a4 21. O-O axb3 22. axb3 Qd7 23. Kg2 Qa7 24. Ra1 Qc5 25. Rfd1 Ra8 26. Rxa8 Rxa8 27. Bxe6 fxe6 28. Nc7 Ra2 29. Nxe6 Qa7 30. Rxd6 Rxc2 31. Rxc6 Qb7 32. Rd6 Qe7 33. Qh5 g6 34. Qh6 Rd2 35. Ra6 Rd8 36. Nxd8 Qxd8 37. Ra7 1-0


[Site "https://www.chess.com"]

[Event "Titled Tuesday Blitz September 27 Late 2022"]
[White "Jeet, Jain"]
[Black "Makarian, Rudik"]
[WhiteFideId "5073022"]
[BlackFideId "44105681"]
[WhiteElo "2055"]
[BlackElo "2410"]
[Result "0-1"]
[Round "06"]
[TimeControl "180+1"]
[Date "2022.09.28"]
[WhiteClock "0:00:18"]
[BlackClock "0:01:06"]

1. d4 Nf6 2. Nf3 c5 3. c3 b6 4. Bf4 Bb7 5. e3 d6 6. h3 Nbd7 7. Be2 g5 8. Bxg5 Rg8 9. Rg1 e6 10. Nbd2 Be7 11. Qc2 Qc7 12. O-O-O O-O-O 13. Kb1 Kb8 14. Bf4 Nd5 15. Bg3 f5 16. Bh2 N7f6 17. a3 Ka8 18. c4 cxd4 19. exd4 Rc8 20. Qb3 Ne4 21. cxd5 Bxd5 22. Qa4 Nxd2+ 23. Rxd2 Rxg2 24. Qd1 Be4+ 25. Ka2 Bd5+ 26. b3 Rxf2 27. Bg3 Rxe2 28. Qxe2 Qc3 29. Rd3 Bxb3+ 30. Kb1 Bc2+ 0-1


[Site "https://www.chess.com"]

[Event "Titled Tuesday Blitz September 27 Late 2022"]
[White "Kamsky, Gata"]
[Black "Rastbod, Ali"]
[WhiteFideId "2000024"]
[BlackFideId "12567477"]
[WhiteElo "2666"]
[BlackElo "2191"]
[Result "1-0"]
[Round "06"]
[TimeControl "180+1"]
[Date "2022.09.27"]
[WhiteClock "0:00:48"]
[BlackClock "0:00:02"]

1. e4 e6 2. d4 d5 3. Nc3 Nf6 4. e5 Nfd7 5. f4 c5 6. Nf3 Nc6 7. Ne2 b5 8. Be3 a5 9. dxc5 b4 10. Ned4 Nxd4 11. Bxd4 Nxc5 12. Bb5+ Bd7 13. Bd3 Nxd3+ 14. cxd3 Be7 15. O-O O-O 16. Qd2 Rc8 17. Rac1 Bb5 18. Rxc8 Qxc8 19. Rc1 Qb8 20. Bc5 Bxc5+ 21. Rxc5 Rc8 22. d4 Rxc5 23. dxc5 Qc7 24. Qe3 a4 25. b3 axb3 26. axb3 h6 27. h4 h5 28. Kh2 g6 29. Kg3 Kg7 30. Nd4 Qa5 31. c6 Ba6 32. Kf3 Qa1 33. Qd2 Qh1 34. Kg3 Qf1 35. Qxb4 Bd3 36. Qd2 Be4 37. c7 Qa6 38. Kf2 Qb7 39. Qc3 Qa7 40. c8=Q Qa2+ 41. Ke1 Qxg2 42. Qe3 Qh1+ 43. Kd2 Qg2+ 44. Kc3 Qf1 45. Kb2 Qb1+ 46. Ka3 Qa1+ 47. Kb4 Qa7 48. Nxe6+ 1-0


[Site "https://www.chess.com"]

[Event "Titled Tuesday Blitz September 27 Late 2022"]
[White "Koellner, Ruben Gideon"]
[Black "So, Wesley"]
[WhiteFideId "12993093"]
[BlackFideId "5202213"]
[WhiteElo "2286"]
[BlackElo "2763"]
[Result "0-1"]
[Round "06"]
[TimeControl "180+1"]
[Date "2022.09.28"]
[WhiteClock "0:00:01"]
[BlackClock "0:00:16"]

1. d4 d5 2. Nf3 e6 3. Nbd2 Nf6 4. e3 c5 5. c3 b6 6. Ne5 Bb7 7. f4 Nbd7 8. Bd3 g6 9. Qf3 Bg7 10. h4 h5 11. Qg3 O-O 12. O-O Qe7 13. b3 Rac8 14. Ba3 Nxe5 15. fxe5 Ng4 16. Be2 Nh6 17. Bd3 Qc7 18. Rac1 Ng4 19. Be2 f5 20. Nf3 Nxe3 21. Qxg6 Qf7 22. Qxf7+ Kxf7 23. Ng5+ Ke7 24. Rfe1 Ng4 25. Bxg4 fxg4 26. Rf1 Kd7 27. Rxf8 Rxf8 28. dxc5 Rf5 29. cxb6 axb6 30. Bd6 Ba6 31. c4 dxc4 32. bxc4 Bxe5 33. Bxe5 Rxe5 34. Kh2 Re2 35. Kg3 Rxa2 36. Ne4 Ke7 37. c5 Bd3 38. Nf2 bxc5 39. Nxd3 Ra3 40. Rxc5 Rxd3+ 41. Kf4 Rd4+ 42. Ke5 Rd2 43. Rc7+ Rd7 44. Rc4 Rd5+ 45. Ke4 Kf6 46. Rc8 Re5+ 47. Kf4 Rf5+ 48. Ke4 Ra5 49. Rf8+ Kg7 50. Re8 Kf7 51. Rh8 Ra4+ 52. Ke5 Ra2 53. g3 Ra5+ 54. Kf4 Rf5+ 55. Ke4 Kg7 56. Re8 Kf7 57. Rh8 Kf6 58. Rf8+ Kg6 59. Rg8+ Kh7 60. Re8 Rf6 61. Ke5 Rf3 62. Re7+ Kg6 63. Rxe6+ Kg7 64. Re7+ Kg8 65. Re8+ Kf7 66. Rh8 Kg6 67. Rg8+ Kh7 68. Ra8 Rxg3 69. Kf5 Rb3 70. Ra7+ Kh6 71. Ra6+ Kg7 72. Ra7+ Kf8 73. Ra8+ Ke7 74. Ra7+ Kd6 75. Ra6+ Kc7 76. Ra7+ Rb7 77. Ra5 Kc6 78. Kg5 Rb5+ 79. Rxb5 Kxb5 80. Kxh5 g3 81. Kg6 g2 82. h5 g1=Q+ 83. Kh7 Kc6 84. h6 Kd7 85. Kh8 Qf2 86. Kg8 Ke7 87. h7 Qg3+ 0-1


[Site "https://www.chess.com"]

[Event "Titled Tuesday Blitz September 27 Late 2022"]
[White "Kollars, Dmitrij"]
[Black "Wieczorek, Oskar"]
[WhiteFideId "12909572"]
[BlackFideId "1133950"]
[WhiteElo "2584"]
[BlackElo "2302"]
[Result "1-0"]
[Round "06"]
[TimeControl "180+1"]
[Date "2022.09.27"]
[WhiteClock "0:01:00"]
[BlackClock "0:00:47"]

1. Nf3 c5 2. e4 e6 3. c3 d5 4. exd5 exd5 5. d4 Nf6 6. Bd3 Nc6 7. O-O cxd4 8. cxd4 Be7 9. h3 O-O 10. Nc3 Re8 11. Re1 a6 12. Bg5 Be6 13. Rc1 h6 14. Bh4 Rc8 15. a3 Nh5 16. Bxe7 Rxe7 17. Bb1 Nf6 18. Ne5 Qb6 19. Na4 Qd8 20. Nc5 Nxe5 21. dxe5 Nd7 22. Nxb7 Rxc1 23. Qxc1 Qb8 24. Nc5 Nxe5 25. Nxa6 Qd6 26. Qc5 Qxc5 27. Nxc5 Bxh3 28. Nd3 Bf5 29. Rxe5 Rxe5 30. Nxe5 Bxb1 31. a4 f6 32. Nc6 Kf8 33. a5 Bd3 34. Nb4 Bc4 35. a6 1-0


[Site "https://www.chess.com"]

[Event "Titled Tuesday Blitz September 27 Late 2022"]
[White "Korchmar, Vasiliy"]
[Black "Babazada, Khazar"]
[WhiteFideId "24131750"]
[BlackFideId "13413554"]
[WhiteElo "2370"]
[BlackElo "2409"]
[Result "1/2-1/2"]
[Round "06"]
[TimeControl "180+1"]
[Date "2022.09.27"]
[WhiteClock "0:00:02"]
[BlackClock "0:00:47"]

1. e4 e6 2. d4 d5 3. e5 c5 4. c3 Nc6 5. Nf3 Bd7 6. Be2 cxd4 7. cxd4 Qb6 8. O-O Nh6 9. Bxh6 gxh6 10. Qd2 Rg8 11. Nc3 Ne7 12. Bd3 Rg7 13. Rfc1 Rc8 14. a3 a6 15. b4 Qd8 16. Ne2 Rxc1+ 17. Rxc1 Ng6 18. Ng3 Nh4 19. Nxh4 Qxh4 20. Rc7 Qxd4 21. Rxb7 Qxe5 22. Bxa6 h5 23. Qc1 Bd6 24. Bb5 Bc7 25. Rxc7 Bxb5 26. Rc8+ Ke7 27. Qc5+ Kf6 28. Qxb5 h4 29. Nf1 h3 30. Ng3 h5 31. Qd3 h4 32. Qc3 d4 33. Qf3+ Ke7 34. Qb7+ Kf6 35. Qf3+ Ke7 36. Qb7+ Kf6 37. Qf3+ 1/2-1/2


[Site "https://www.chess.com"]

[Event "Titled Tuesday Blitz September 27 Late 2022"]
[White "Lazavik, Denis"]
[Black "Ozen, Bahadir"]
[WhiteFideId "13515110"]
[BlackFideId "6337058"]
[WhiteElo "2437"]
[BlackElo "2503"]
[Result "1-0"]
[Round "06"]
[TimeControl "180+1"]
[Date "2022.09.27"]
[WhiteClock "0:00:11"]
[BlackClock "0:00:03"]

1. d4 d5 2. c4 c6 3. Nf3 Nf6 4. e3 e6 5. b3 c5 6. Bb2 cxd4 7. Nxd4 Bb4+ 8. Bc3 Be7 9. Nd2 O-O 10. Be2 b6 11. O-O Bb7 12. Rc1 Nc6 13. cxd5 Nxd4 14. Bxd4 Bxd5 15. Nc4 Rc8 16. Qd2 Qd7 17. Qb2 Qb7 18. f3 Rfd8 19. Rfd1 Ne8 20. Kh1 Bxc4 21. Bxc4 Bf6 22. Bxf6 Nxf6 23. e4 h6 24. Qe5 Qe7 25. h3 Rxd1+ 26. Rxd1 Rd8 27. Rxd8+ Qxd8 28. Kh2 g5 29. h4 Nh7 30. hxg5 hxg5 31. a4 Nf8 32. Qc3 Ng6 33. Qe3 Qc7+ 34. Kg1 Qe5 35. Bf1 Nf4 36. b4 Kg7 37. b5 Kf6 38. a5 Qd6 39. axb6 axb6 40. e5+ Qxe5 41. Qxb6 Nd5 42. Qc5 Qb2 43. Qf2 Qxf2+ 44. Kxf2 Ke5 45. Kg3 f5 46. Bc4 Nb6 47. Ba2 Na4 48. Kf2 Nc5 49. Ke3 f4+ 50. Kd2 Kd4 51. b6 e5 52. Bb1 Kd5 53. b7 Nd7 54. Bf5 Nb8 55. Kc3 Kc5 56. Kb3 Kb5 57. Bd3+ Kb6 58. Be4 Kb5 59. Kc3 Kc5 60. Kd3 Kb5 61. Ke2 Kc5 62. Kf2 Kd4 63. Kg1 g4 64. Kh2 g3+ 65. Kg1 Ke3 66. Kf1 Kd2 67. Bd5 Nd7 68. Bc6 Nb8 69. Bb5 e4 70. fxe4 Ke3 71. e5 Kd4 72. e6 1-0


[Site "https://www.chess.com"]

[Event "Titled Tuesday Blitz September 27 Late 2022"]
[White "Martinez Alcantara, Jose Eduardo"]
[Black "Gabrielian, Artur"]
[WhiteFideId "3805662"]
[BlackFideId "4131002"]
[WhiteElo "2703"]
[BlackElo "2467"]
[Result "1-0"]
[Round "06"]
[TimeControl "180+1"]
[Date "2022.09.27"]
[WhiteClock "0:01:07"]
[BlackClock "0:00:01"]

1. e4 c5 2. Nf3 d6 3. c3 Nf6 4. h3 g6 5. Bd3 Bg7 6. Bc2 O-O 7. d4 cxd4 8. cxd4 Nc6 9. O-O Nb4 10. Bb3 d5 11. e5 Ne4 12. Nc3 Be6 13. Re1 Nxc3 14. bxc3 Nc6 15. Ng5 Bf5 16. e6 fxe6 17. g4 h6 18. Nxe6 Bxe6 19. Rxe6 Rf6 20. Rxf6 exf6 21. Qf3 Ne7 22. Ba3 Kh7 23. Re1 Nc6 24. Bxd5 Qa5 25. Bc5 Rd8 26. Bxc6 bxc6 27. Re7 Qxa2 28. Qxf6 Rg8 29. Qxc6 Qa1+ 30. Kg2 Qxc3 31. Rxa7 Qd3 32. Qf3 Qc4 33. Re7 Kh8 34. Qe4 Rf8 35. Rxg7 Kxg7 36. Bxf8+ Kxf8 37. Qxg6 Qxd4 38. Qxh6+ Kf7 39. Qe3 Qc4 40. Kg3 Qf1 41. Qf3+ Kg7 42. h4 Qg1+ 43. Qg2 Qa1 44. h5 Qe5+ 45. Kh3 Qe1 46. Qf3 Qf1+ 47. Kh4 Qg1 48. Qb7+ Kg8 49. Qc8+ Kh7 50. Qd7+ Kh8 51. Qe8+ Kg7 52. Qe7+ Kh8 53. Kg5 Qc1+ 54. Qe3 Qd1 55. Qe5+ Kh7 56. Qf5+ Kh8 57. f4 Qd2 58. h6 Qa2 59. Qf6+ Kg8 60. Qg7# 1-0


[Site "https://www.chess.com"]

[Event "Titled Tuesday Blitz September 27 Late 2022"]
[White "Meduri, Aakaash"]
[Black "Fawzy, Adham"]
[WhiteFideId "2032252"]
[BlackFideId "10613129"]
[WhiteElo "2113"]
[BlackElo "2541"]
[Result "0-1"]
[Round "06"]
[TimeControl "180+1"]
[Date "2022.09.28"]
[WhiteClock "0:01:21"]
[BlackClock "0:01:41"]

1. d4 Nf6 2. Nc3 d5 3. Bf4 Bf5 4. f3 c6 5. g4 Bg6 6. h4 h6 7. e3 Nbd7 8. Bd3 Bxd3 9. cxd3 e6 10. Nge2 b5 11. Rc1 a5 12. Nb1 Qb6 13. Kf2 c5 14. dxc5 Bxc5 15. d4 Be7 16. Nd2 a4 17. Bc7 Qa6 18. Qc2 Rc8 19. Qd3 O-O 20. g5 Ne8 21. Bf4 h5 22. Ng3 g6 23. Rhg1 Bd6 24. Rxc8 Qxc8 25. Qxb5 Bxf4 26. exf4 Qc2 27. Ke2 Nd6 28. Qxd7 Nc4 29. Rd1 Nxb2 30. Re1 Qd3+ 31. Kf2 Qxd2+ 32. Re2 Nd3+ 33. Kg2 Nxf4+ 34. Kf2 Qxd4+ 35. Kf1 Nxe2 36. Nxe2 Qxh4 37. Qe7 Rb8 38. a3 Rb1+ 39. Kg2 Qh1+ 40. Kg3 Qe1+ 41. Kf4 Qxe2 42. Qd8+ Kh7 43. Qf8 Qd2+ 0-1


[Site "https://www.chess.com"]

[Event "Titled Tuesday Blitz September 27 Late 2022"]
[White "Melkumyan, Hrant"]
[Black "Mikhailov, Viacheslav"]
[WhiteFideId "13302485"]
[BlackFideId "4187369"]
[WhiteElo "2604"]
[BlackElo "2381"]
[Result "0-1"]
[Round "06"]
[TimeControl "180+1"]
[Date "2022.09.27"]
[WhiteClock "0:00:05"]
[BlackClock "0:00:12"]

1. Nf3 Nf6 2. c4 g6 3. Nc3 Bg7 4. e4 O-O 5. d4 d6 6. Be2 Bg4 7. Be3 Nc6 8. d5 Bxf3 9. Bxf3 Ne5 10. Be2 c6 11. O-O Rc8 12. b3 a6 13. Rc1 Qa5 14. Bd2 Qd8 15. f4 Ned7 16. Be3 Qa5 17. Qd2 Rfe8 18. Rfd1 cxd5 19. exd5 Nf8 20. h3 e6 21. dxe6 Nxe6 22. Kh2 b5 23. Ne4 Qxd2 24. Nxf6+ Bxf6 25. Bxd2 Nxf4 26. Bg4 Be5 27. g3 Ne6 28. cxb5 axb5 29. Bb4 Ra8 30. Rc2 Nd4 31. Rcd2 h5 32. Bd7 Red8 33. Rxd4 Bxd4 34. Bxb5 Rxa2+ 35. Kh1 Ra1 36. Rxa1 Bxa1 37. Bc6 Bd4 38. Kg2 Rb8 39. Ba5 Rxb3 40. g4 h4 41. Be1 Bf6 42. Bf2 Rb2 43. Kf3 Bg5 44. Bd5 Rc2 45. Be4 Rc8 46. Bd5 Be7 47. Be4 Bf6 48. Bd5 Kg7 49. Be3 Rc3 50. Ke4 g5 51. Ba8 Ra3 52. Bd5 Ra4+ 53. Kf3 Kg6 54. Be4+ Kg7 55. Bc6 Ra3 56. Ke4 d5+ 57. Bxd5 Be7 58. Bc6 f6 59. Bd5 Bd6 60. Bc6 Bf4 61. Bxf4 gxf4 62. Kxf4 Rxh3 63. g5 Rg3 64. gxf6+ Kxf6 65. Bd7 Rg7 66. Bh3 Rg3 67. Bc8 Ke7 68. Bf5 Kd6 69. Be4 Kc5 70. Bh1 Kd4 71. Bb7 Kc3 72. Bc6 Kd2 73. Bb7 Ke1 74. Bc6 Kf2 75. Bd7 h3 76. Bxh3 Rxh3 0-1


[Site "https://www.chess.com"]

[Event "Titled Tuesday Blitz September 27 Late 2022"]
[White "Mihajlov, Sebastian"]
[Black "Can, Melih Kaan"]
[WhiteFideId "1512110"]
[BlackFideId "6317383"]
[WhiteElo "2464"]
[BlackElo "2029"]
[Result "1-0"]
[Round "06"]
[TimeControl "180+1"]
[Date "2022.09.28"]
[WhiteClock "0:00:07"]
[BlackClock "0:00:02"]

1. f4 d6 2. Nf3 g6 3. e4 Bg7 4. d4 Nf6 5. Nc3 O-O 6. Bd2 Nbd7 7. e5 Ne8 8. Bc4 Nb6 9. Bb3 c5 10. dxc5 dxc5 11. Qe2 Nc7 12. Ne4 c4 13. Bxc4 Nxc4 14. Qxc4 Be6 15. Qe2 Nd5 16. c4 Nb6 17. b3 f5 18. Neg5 Bd7 19. Bc3 h6 20. Nh3 Bc6 21. Nf2 Qc8 22. h4 a5 23. a4 Nd7 24. h5 Nc5 25. Rb1 Be4 26. Rb2 Rd8 27. O-O gxh5 28. Nd4 Rxd4 29. Bxd4 Ne6 30. Nxe4 Nxd4 31. Qd3 Ne6 32. Ng3 Qc5+ 33. Kh2 Nxf4 34. Rxf4 Bxe5 35. Qxf5 Qd6 36. Rbf2 h4 37. Qg4+ Kh8 38. Qxh4 Rg8 39. R4f3 Kh7 40. Re3 Rg5 41. Rxe5 Qxe5 42. Rf7+ Kg6 43. Rf3 h5 44. Qe4+ Kg7 45. Qxe5+ Rxe5 46. Rf5 Re3 47. Rxa5 Rxb3 48. Rb5 Rc3 49. Nxh5+ Kf7 50. Rb4 Ke6 51. Nf4+ Kd6 52. Nd5 Ra3 53. Rb6+ Kc5 54. Rxb7 e6 55. Rc7+ Kd6 56. Rc8 exd5 57. Rd8+ Kc5 58. Rxd5+ Kxc4 59. Rd2 Rxa4 60. Kh3 Ra3+ 61. Kh4 Kc3 62. Rd8 Ra4+ 63. g4 Ra1 64. Kh5 Rh1+ 65. Kg6 Kc4 66. g5 Rd1 67. Rxd1 1-0


[Site "https://www.chess.com"]

[Event "Titled Tuesday Blitz September 27 Late 2022"]
[White "Naroditsky, Daniel"]
[Black "Jobava, Baadur"]
[WhiteFideId "2026961"]
[BlackFideId "13601520"]
[WhiteElo "2628"]
[BlackElo "2582"]
[Result "1/2-1/2"]
[Round "06"]
[TimeControl "180+1"]
[Date "2022.09.27"]
[WhiteClock "0:00:04"]
[BlackClock "0:00:06"]

1. e4 e6 2. d4 d5 3. Nd2 Bd7 4. Ngf3 dxe4 5. Nxe4 Bc6 6. Bd3 Nd7 7. O-O Ngf6 8. Ned2 g6 9. b3 Bg7 10. Ba3 Bf8 11. Bb2 Bg7 12. Ba3 Bf8 13. Bxf8 Kxf8 14. Qe2 Kg7 15. c4 Re8 16. Rad1 a5 17. Rfe1 Bxf3 18. Nxf3 c6 19. h3 Qb6 20. Qb2 Rad8 21. a3 Kg8 22. b4 axb4 23. axb4 Ra8 24. Ra1 Qc7 25. Bf1 Qf4 26. b5 c5 27. Rad1 Qc7 28. dxc5 Qxc5 29. Ne5 Nxe5 30. Rxe5 Qe7 31. g3 Nd7 32. Re3 Nc5 33. Bg2 Rad8 34. Rxd8 Rxd8 35. Kh2 b6 36. h4 Qd6 37. Qf6 Qd4 38. Qe7 Kg7 39. Rf3 Rf8 40. Rf4 Qe5 41. Qa7 Qd6 42. h5 g5 43. h6+ Kg6 44. Qa1 e5 45. Rf3 Kxh6 46. Re3 f6 47. Bd5 Kg6 48. Kg2 h5 49. Ra3 e4 50. Ra7 Qe5 51. Qa3 f5 52. Rb7 Qf6 53. Rc7 Qe5 54. Rc6+ Rf6 55. Qa8 f4 56. Qg8+ Kh6 57. Qh8+ Kg6 58. Rc8 fxg3 59. Rg8+ Kf5 60. Qxh5 Qf4 61. Qh3+ Ke5 62. Re8+ Kd4 63. Qxg3 Qxg3+ 64. Kxg3 Rf4 65. Rb8 Rf3+ 66. Kg2 Nd3 67. Rxb6 Rxf2+ 68. Kg3 e3 69. Re6 Nf4 70. Re8 Nxd5 71. cxd5 Kxd5 72. b6 Rb2 73. Rxe3 Rxb6 74. Kg4 Rb4+ 75. Kxg5 Re4 76. Rxe4 Kxe4 1/2-1/2


[Site "https://www.chess.com"]

[Event "Titled Tuesday Blitz September 27 Late 2022"]
[White "Pakleza, Zbigniew"]
[Black "Rosen, Eric"]
[WhiteFideId "1119290"]
[BlackFideId "2032562"]
[WhiteElo "2411"]
[BlackElo "2362"]
[Result "1-0"]
[Round "06"]
[TimeControl "180+1"]
[Date "2022.09.28"]
[WhiteClock "0:00:46"]
[BlackClock "0:00:02"]

1. d4 d5 2. Bf4 Nf6 3. e3 c5 4. c3 Nc6 5. Nd2 cxd4 6. cxd4 Bf5 7. Qb3 Qd7 8. Ngf3 a6 9. Rc1 e6 10. Be2 Bd6 11. Bxd6 Qxd6 12. Qxb7 O-O 13. Rxc6 Qd8 14. Qc7 Qe8 15. O-O e5 16. Nxe5 Nd7 17. Ndf3 Nxe5 18. Nxe5 f6 19. Bf3 fxe5 20. Bxd5+ Kh8 21. Qxe5 Qxe5 22. dxe5 Rad8 23. e4 Rfe8 24. f4 Bg4 25. Kf2 Rb8 26. b3 Bd7 27. Rc7 Bb5 28. Rfc1 a5 29. a4 Bd3 30. Ke3 Ba6 31. Ra7 Bc8 32. Rcc7 1-0


[Site "https://www.chess.com"]